 Dungeon Crawl Stone Soup version 0.18.1-8-gdd0e5ea (webtiles) character file.

266 Krapule the Charmwright (level 6, -3/47 HPs)
             Began as a Merfolk Skald on June 6, 2016.
             Was an Initiate of Ashenzari.
             Slain by a slave (6 damage)
             ... led by Pikel
             ... on level 4 of the Dungeon.
             The game lasted 00:14:00 (4495 turns).

Krapule the Charmwright (Merfolk Skald)             Turns: 4495, Time: 00:14:01

Health: -3/47      AC:  6    Str: 15    XL:     6   Next: 20%
Magic:  10/10      EV: 12    Int: 11    God:    Ashenzari [......]
Gold:   129        SH:  0    Dex: 13    Spells: 2 memorised, 7 levels left

rFire  . . .     SeeInvis +     a - +1 spear
rCold  . . .     Gourm    .     p - +0 ring mail
rNeg   . . .     Faith    .     (no shield)
rPois  .         Spirit   .     l - +0 helmet
rElec  .         Dismiss  .     (no cloak)
rCorr  .         Reflect  .     (no gloves)
SustAt .         Harm     .     (no boots)
MR     .....                    (no amulet)
Stlth  +.........               (no ring)
                                q - ring of see invisible

@: about to teleport, not resistant to hostile enchantments, very unstealthy
A: change form in water, swift swim
a: Curse Item, Renounce Religion


You were on level 4 of the Dungeon.
You worshipped Ashenzari.
Ashenzari was noncommittal.
You were hungry.

You visited 1 branch of the dungeon, and saw 5 of its levels.

You collected 129 gold pieces.

Inventory:

Hand Weapons
 a - a +1 spear (weapon)
Armour
 l - a +0 helmet (worn)
 p - a +0 ring mail (worn)
Jewellery
 q - a ring of see invisible (left hand)
Wands
 k - a wand of teleportation (8/9)
Scrolls
 b - 2 scrolls of recharging
 e - 2 scrolls of remove curse
 g - a scroll of amnesia
 r - a scroll of teleportation
 t - a scroll of fog {unknown}
Potions
 f - a potion of cancellation {unknown}
 i - a potion of mutation {unknown}
 j - a potion of resistance {unknown}
 m - 3 potions of cure mutation {unknown}
 n - 3 potions of lignification {unknown}
 o - 3 potions of curing {unknown}
 s - 2 potions of heal wounds {unknown}
 u - a potion of invisibility {unknown}
 v - a potion of agility {unknown}
Books
 c - a book of Battle

   Spells                             Type                      Level
   a - Infusion                       Charms                       1
   b - Shroud of Golubria             Charms/Translocation         2
   c - Song of Slaying                Charms                       2
   d - Spectral Weapon                Hexes/Charms                 3
   e - Regeneration                   Charms/Necromancy            3
Comestibles
 d - 6 bread rations
 h - 2 fruits


   Skills:
 + Level 3.3 Fighting
 + Level 4.8 Polearms
 - Level 1.0 Armour
 + Level 3.2 Dodging
 + Level 2.7 Spellcasting
 * Level 4.9 Charms


You had 7 spell levels left.
You knew the following spells:

 Your Spells              Type           Power        Failure   Level  Hunger
a - Infusion              Chrm           ##..         10%         1    #......
b - Shroud of Golubria    Chrm/Tloc      #.........   30%         2    ###....


Dungeon Overview and Level Annotations

Branches:
Dungeon (5/15)
 Temple: D:4-7

Altars:
Ashenzari
Makhleb

Annotations:
D:4 Edmund, Pikel


Message History

The slave barely misses you. Pikel hits you with a whip of flaming.
Pikel burns you. The slave hits you but does no damage. The slave hits you.
The slave hits you. Pikel hits you with a whip of flaming! Pikel burns you.
* * * LOW HITPOINT WARNING * * *
The slave barely misses you. The slave hits you but does no damage.
You climb upwards.
Level annotation: Edmund The slave barely misses you.
There is a stone staircase leading down here.
There are monsters nearby!
You miss the slave.
You are feeling hungry.
The slave barely misses you. The slave hits you!
* * * LOW HITPOINT WARNING * * *
Pikel hits you with a whip of flaming.
* * * LOW HITPOINT WARNING * * *
Pikel burns you.
* * * LOW HITPOINT WARNING * * *
The slave hits you.
You die...

#########
#.......############
#.......#...........
#...... #...........
#..... #...........
#####.... ###.####....
......pp# ##.####....
......p@# #..........
......Kp# #..........
........# #..........
........# ##..###...#
####'##########..###...#
+..............#......
#..............#......
#..............#......
#..##...##...###....#


You could see Pikel and 4 slaves.

Vanquished Creatures
  2 hounds (D:4)
  An iguana (D:4)
  Natasha (D:4)
  A worker ant (D:4)
  5 adders
  An adder skeleton (D:3)
  2 worms (D:2)
  3 dart slugs (D:1)
  A giant gecko (D:1)
  An orc (D:4)
  4 giant cockroaches
  6 goblins
  9 hobgoblins
  4 jackals (D:2)
  8 kobolds
  A quokka (D:5)
  12 bats
  5 giant newts
  10 rats
77 creatures vanquished.

Notes
Turn   | Place    | Note
--------------------------------------------------------------
     0 | D:1      | Krapule the Merfolk Skald began the quest for the Orb.
     0 | D:1      | Reached XP level 1. HP: 16/16 MP: 3/3
   211 | D:1      | Reached XP level 2. HP: 21/22 MP: 5/5
   508 | D:1      | Reached skill level 1 in Armour
   610 | D:1      | Reached XP level 3. HP: 27/27 MP: 6/6
   701 | D:1      | You fall through a shaft!
  1755 | D:2      | Reached XP level 4. HP: 31/34 MP: 7/7
  1862 | D:2      | Learned a level 2 spell: Shroud of Golubria
  2720 | D:3      | Found a burning altar of Makhleb.
  2949 | D:3      | Found a shattered altar of Ashenzari.
  2980 | D:3      | Reached XP level 5. HP: 40/40 MP: 8/8
  2988 | D:3      | Became a worshipper of Ashenzari the Shackled
  3883 | D:4      | Noticed Natasha
  3890 | D:4      | Killed Natasha
  3890 | D:4      | Reached XP level 6. HP: 22/47 MP: 5/10
  4138 | D:4      | Noticed Edmund
  4176 | D:4      | HP: 1/47 [Edmund/dire flail (6)]
  4207 | D:5      | Entered Level 5 of the Dungeon
  4489 | D:4      | Noticed Pikel
  4489 | D:4      | Noticed a slave
  4489 | D:4      | Noticed a slave
  4489 | D:4      | Noticed a slave
  4489 | D:4      | Noticed a slave
  4495 | D:4      | Slain by a slave

Skill      XL: |  1  2  3  4  5 |
---------------+----------------+-----
Armour         | 1 |  1.0
Dodging        | 2 3 |  3.2
Charms         | 4 |  4.9
Polearms       | 4 |  4.8
Fighting       | 3 |  3.3
Spellcasting   | |  2.7

Action                   |  1- 3 |  4- 6 || total
-------------------------+-------+-------++-------
Melee: Spear             |   168 |   199 ||   367
 Cast: Shroud of Golubri |       |     3 ||     3
       Infusion          |       |     4 ||     4
Evoke: Wand              |       |     1 ||     1
  Use: Scroll            |       |     7 ||     7
 Stab: Sleeping          |     2 |       ||     2
  Eat: Chunk             |     3 |     1 ||     4
       Meat ration       |       |     1 ||     1
       Fruit             |       |     3 ||     3
Armor: Leather armour    |    21 |     8 ||    29
       Ring mail         |       |    43 ||    43
Dodge: Dodged            |    59 |    86 ||   145
